 Dungeon Crawl Stone Soup version 0.29-a0-551-gffc1d7fb78 (webtiles) character file.

Game seed: 10050925294129716609

231 porpoise the Skirmisher (level 5, -12/61 HPs)
             Began as a Demonspawn Artificer on June 5, 2022.
             Killed by divine providence
             ... invoked by an orc priest
              (15 damage)
             ... on level 4 of the Dungeon.
             The game lasted 00:12:24 (4682 turns).

porpoise the Skirmisher (Demonspawn Artificer)      Turns: 4682, Time: 00:12:25

Health: -12/61     AC: 22    Str: 12    XL:     5   Next: 72%
Magic:  14/14      EV:  2    Int: 15    God:
Gold:   211        SH:  0    Dex: 13    Spells: 4/4 levels left

rFire   . . .      SeeInvis .   a - +0 rapier
rCold   . . .      Faith    +   (no shield)
rNeg    . . .      Spirit   .   (body armour currently unavailable)
rPois   +          Reflect  .   (helmet currently unavailable)
rElec   .          Harm     .   (cloak currently unavailable)
rCorr   .          Rampage  .   (gloves currently unavailable)
Will    .....      NoTele   +   (boots currently unavailable)
Stlth   ++........              o - amulet of faith
HPRegen 0.20/turn               r - ring of magical power
MPRegen 0.14/turn               l - +4 ring of evasion

@: tree-form
A: stationary, stasis, torment immunity, boosted hp, (antennae 1), (yellow
scales 1)
a: no special abilities


You were on level 4 of the Dungeon.
You were a tree.
You visited 1 branch of the dungeon, and saw 4 of its levels.

You collected 211 gold pieces.

Inventory:

Hand Weapons
 a - a +0 rapier (weapon)
 b - a +0 hunting sling
Missiles
 y - 5 boomerangs (quivered)
Armour
 i - a +0 leather armour (melded)
Jewellery
 l - a +4 ring of evasion (right branch)
 o - an amulet of faith (around neck)
 r - a ring of magical power (left branch)
 s - an amulet of regeneration
 A - an amulet of magic regeneration
Wands
 c - a wand of flame (12)
 d - a wand of charming (14)
 e - a wand of iceblast (9)
Scrolls
 g - a scroll of vulnerability
 j - a scroll of teleportation
 k - a scroll of fear
 u - a scroll of immolation {unknown}
 w - a scroll of enchant armour {unknown}
Potions
 f - a potion of lignification
 h - a potion of degeneration {unknown}
 m - 2 potions of flight
 n - a potion of mutation
 t - a potion of magic
 x - a potion of cancellation {unknown}
 z - a potion of attraction {unknown}
 B - a potion of haste {unknown}


   Skills:
 + Level 3.5 Fighting
 + Level 2.4 Short Blades
 - Level 1.7 Armour
 - Level 0.8 Dodging
 + Level 2.8 Stealth
 - Level 3.4 Evocations


You had 4 spell levels left.
You didn't know any spells.
Your spell library contained the following spells:

 Spells                   Type           Power      Damage    Failure   Level
 Freeze                   Ice            0%         1d3       26%         1
 Frozen Ramparts          Ice            0%         1d2       63%         3
 Gell's Gravitas          Tloc           0%         N/A       63%         3
 Lesser Beckoning         Tloc           0%         N/A       63%         3
 Portal Projectile        Hex/Tloc       0%         N/A       63%         3
 Teleport Other           Tloc           0%         N/A       63%         3
 Tukima's Dance           Hex            0%         N/A       63%         3
 Hailstorm                Conj/Ice       0%         3d3       95%         4
 Blade Hands              Tmut           0%         N/A       100%        5


Dungeon Overview and Level Annotations

Branches:
Dungeon (4/15)
 Temple: D:4-7

Altars:
Dithmenos


Innate Abilities, Weirdness & Mutations

You are a tree.
Your roots penetrate the ground, keeping you stationary.
You cannot be teleported.
You are immune to unholy pain and torment.
Your maximum health is greatly increased.
Your equipment is partially melded.
((You have a pair of small antennae on your head.))
((You are partially covered in yellow scales. (AC +2)))


Message History

The orc wizard casts a spell.
The orc wizard flickers and vanishes!
Deactivating autopickup; reactivate with Ctrl-A.
The orc hits you but does no damage.
You barely miss the orc.
The orc is severely wounded.
The orc hits you but does no damage.
You hit the orc.
You kill the orc!
You hit the orc priest.
The orc priest is severely wounded.
The orc priest hits you with a +0 club.
* * * LOW HITPOINT WARNING * * *
You hit the orc priest.
The orc priest is almost dead.
The orc priest invokes the aid of Beogh against you.
Beogh smites you!
* * * LOW HITPOINT WARNING * * *
You hit the orc priest but do no damage.
The orc priest is almost dead.
You feel better.
The orc priest invokes the aid of Beogh against you.
Beogh smites you!
* * * LOW HITPOINT WARNING * * *
You cannot move.
You barely miss something. Something hits you but does no damage.
Throw: 5 boomerangs
Press: ? - help, Q - select action, (/) - cycle Shift-Dir - straight line, f - orc priest
Aim: an orc priest, wielding a +0 club (almost dead, 57% to hit)
You throw a boomerang.
The boomerang barely misses the orc priest.
Something hits you but does no damage.
Throw: 5 boomerangs
Press: ? - help, Q - select action, (/) - cycle Shift-Dir - straight line, f/p - orc priest
Aim: an orc priest, wielding a +0 club (almost dead, 57% to hit)
You throw a boomerang.
The boomerang closely misses the orc priest.
The orc priest invokes the aid of Beogh against you.
Beogh smites you!
You die...

#.......#.####..o#.
#.......#.####...#.
#.......#.#......#.
+.........#.##...#.
#######..## #..#<#.
#.........# ##.#.#
#.#####...# ..#.#
#.##.##...# .#.#.#
#.♣)o##...... #.#
####.####..... ..#
.# #.... ### o.
...# ... <.. ....
..... ......


You could see an orc priest.

Vanquished Creatures
  2 hounds (D:4)
  An orc priest (D:3)
  Terence (D:3)
  2 gnolls (D:3)
  2 adders
  3 dart slugs
  4 orcs
  2 bats (D:2)
  2 endoplasms (D:2)
  4 giant cockroaches
  10 goblins
  5 hobgoblins
  3 quokkas
  7 ball pythons
  4 frilled lizards (D:1)
  6 kobolds
  6 rats
64 creatures vanquished.

Vanquished Creatures (collateral kills)
  A gnoll (D:3)
1 creature vanquished.

Vanquished Creatures (others)
  A gnoll (D:3)
1 creature vanquished.

Grand Total: 66 creatures vanquished

Notes
Turn   | Place    | Note
-------+----------+-------------------------------------------
     0 | D:1      | porpoise the Demonspawn Artificer began the quest for the
                  | Orb.
     0 | D:1      | Reached XP level 1. HP: 15/15 MP: 1/1
   468 | D:1      | Gained mutation: You have a pair of small antennae on your
                  | head. [demonic ancestry]
   468 | D:1      | Reached XP level 2. HP: 21/21 MP: 2/2
  1084 | D:1      | Reached skill level 1 in Stealth
  1520 | D:2      | Reached XP level 3. HP: 25/27 MP: 3/3
  1772 | D:2      | Reached skill level 1 in Short Blades
  2110 | D:2      | Found a shadowy altar of Dithmenos.
  2611 | D:3      | Reached XP level 4. HP: 9/34 MP: 4/4
  3216 | D:3      | Found a faded altar of an unknown god.
  3310 | D:3      | HP: 1/35 [gnoll/+0 club (6)]
  3313 | D:3      | Gained mutation: You are partially covered in yellow
                  | scales. (AC +2) [demonic ancestry]
  3313 | D:3      | Reached XP level 5. HP: 1/41 MP: 5/5
  3870 | D:3      | Noticed Terence
  3877 | D:3      | Killed Terence
  4679 | D:4      | HP: 2/61 [orc priest/divine providence (12)]
  4682 | D:4      | Killed from afar by an orc priest

Illustrated notes

Levels and vault maps discovered:
D:1:      lemuel_arrival_lava_pool, layout_loops_ring, minmay_hexomino_f4
D:2:      layout_rooms, basic_altar
D:3:      layout_loops_ring, chequers_ecumenical_altar_island, chequers_jeans,
          uniq_terence
D:4:      corexii_shack_village, layout_basic, lemuel_round_altar

Skill      XL: |  1  2  3  4 |
---------------+-------------+-----
Fighting       | 2 3 |  3.5
Stealth        | 1 2 |  2.8
Short Blades   | 1 2 |  2.4
Armour         | |  1.7
Dodging        | |  0.8
Evocations     | |  3.4

Action                   |  1- 3 |  4- 6 || total
-------------------------+-------+-------++-------
Melee: Dagger            |   119 |       ||   119
       Punch             |     3 |     1 ||     4
       Club              |     1 |       ||     1
       Rapier            |    59 |    77 ||   136
 Fire: Hunting sling     |       |    19 ||    19
Throw: Boomerang         |     2 |     2 ||     4
Evoke: Wand              |     3 |     1 ||     4
  Use: Scroll            |       |    11 ||    11
       Potion            |       |     4 ||     4
 Stab: Sleeping          |     2 |     1 ||     3
Armor: Leather armour    |    53 |    10 ||    63
       Skin              |       |     7 ||     7
Dodge: Dodged            |   101 |    43 ||   144

Table legend: (Time is in decaauts)
 A = Elapsed time spent in this place.
 B = Non-inter-level travel time spent in this place.
 C = Inter-level travel time spent in this place.
 D = Time resting spent in this place.
 E = Time spent auto-exploring this place.
 F = Levels seen in this place.
 G = Mean time per level.
                   A        B        C        D        E       F      G
               +--------+--------+--------+--------+--------+-----+--------+
         Total |   4711 |   4556 |    155 |   1893 |   2000 |   4 | 1177.8 |
       Dungeon |   4711 |   4556 |    155 |   1893 |   2000 |   4 | 1177.8 |
               +--------+--------+--------+--------+--------+-----+--------+

Top non-repeatable levels by time:
     D:1: 1674 daAuts
     D:3: 1440 daAuts
     D:2: 1198 daAuts
     D:4: 398 daAuts
